 Dungeon Crawl Stone Soup version 0.19-a0-276-g3ff07cd (webtiles) character file.

10257 Ordine the Thaumaturge (level 11, -2/54 HPs)
             Began as a Deep Elf Wizard on May 25, 2016.
             Was a Priest of Vehumet.
             Killed from afar by a rime drake (29 damage)
             ... with a flash freeze
             ... on level 2 of the Lair of Beasts.
             The game lasted 01:28:06 (15932 turns).

Ordine the Thaumaturge (Deep Elf Wizard)           Turns: 15932, Time: 01:28:07

Health: -2/54      AC:  8    Str:  4    XL:     11   Next: 33%
Magic:  12/28      EV: 13    Int: 27    God:    Vehumet [***...]
Gold:   553        SH:  0    Dex: 16    Spells: 8 memorised, 11 levels left

rFire  . . .     SeeInvis .     F - +0 short sword (elec)
rCold  . . .     Gourm    .     s - troll hide
rNeg   . . .     Faith    .     (no shield)
rPois  .         Spirit   .     h - +1 helmet
rElec  .         Dismiss  .     (no cloak)
rCorr  .         Reflect  .     B - +2 pair of gloves {archery}
SustAt +         Harm     .     K - +0 pair of boots
MR     +....                    w - amulet of regeneration
Stlth  ++........               a - +3 ring of dexterity
                                b - ring of sustain attributes

@: repel missiles, drained, somewhat resistant to hostile enchantments,
unstealthy
A: no striking features
a: Renounce Religion


You were on level 2 of the Lair of Beasts.
You worshipped Vehumet.
Vehumet was most pleased with you.
You were not hungry.

You visited 3 branches of the dungeon, and saw 12 of its levels.
You also visited: Sewer and Ossuary.

You collected 553 gold pieces.

Inventory:

Hand Weapons
 F - a +0 short sword of electrocution (weapon)
Armour
 h - a +1 helmet (worn)
 s - a troll hide (worn)
 y - the +1 helmet of the Journeyman {rF+++ MR- Int-5 SInv}
   (You found it on level 5 of the Dungeon)

   It affects your intelligence (-5).
   It renders you almost immune to fire.
   It affects your resistance to hostile enchantments.
   It lets you see invisible.
 B - a +2 pair of gloves of archery (worn)
 G - a +0 buckler
 K - a +0 pair of boots (worn)
Magical Staves
 e - an uncursed staff of energy
Jewellery
 a - a +3 ring of dexterity (right hand)
 b - a ring of sustain attributes (left hand)
 w - an amulet of regeneration (around neck)
Wands
 i - a wand of paralysis (16/24)
 o - a wand of slowing (18/48)
 q - a wand of disintegration (10/24)
 t - a wand of flame (39/48)
 u - a wand of iceblast (13/15)
Scrolls
 m - 3 scrolls of enchant weapon
 p - 3 scrolls of teleportation
 x - 3 scrolls of fear
 A - a scroll of blinking
 D - 3 scrolls of remove curse
 J - a scroll of recharging
 N - a scroll of magic mapping
Potions
 f - a potion of brilliance
 g - 6 potions of might
 j - 5 potions of heal wounds
 k - 4 potions of curing
 l - 5 potions of magic
 n - 3 potions of flight {unknown}
 z - 2 potions of lignification {unknown}
 E - 2 potions of cure mutation {unknown}
 H - a potion of mutation {unknown}
 O - a potion of haste {unknown}
Books
 C - Sif Muna's Easy Theurgy
   (You acquired it in an ossuary)

   Spells                             Type                      Level
   a - Regeneration                   Charms/Necromancy            3
   b - Static Discharge               Conjuration/Air              3
   c - Inner Flame                    Hexes/Fire                   3
   d - Tukima's Dance                 Hexes                        3
   e - Vampiric Draining              Necromancy                   3
 L - a book of Enchantments

   Spells                             Type                      Level
   a - Cause Fear                     Hexes                        4
   b - Yara's Violent Unravelling     Hexes/Transmutation          5
   c - Silence                        Hexes/Air                    5
   d - Deflect Missiles               Charms/Air                   6
   e - Haste                          Charms                       6
   f - Discord                        Hexes                        8
Miscellaneous
 c - a box of beasts
Comestibles
 d - 12 bread rations
 r - a slice of pizza
 v - 3 meat rations
 I - a chunk of flesh
 M - a royal jelly
 P - 2 fruits


   Skills:
 - Level 5.0(4.9) Short Blades
 - Level 5.1 Dodging
 - Level 2.4 Stealth
 - Level 5.1 Shields
 + Level 11.2 Spellcasting
 + Level 8.8 Conjurations
   Level 1.1(1.0) Summonings
 - Level 1.1(1.0) Translocations
 + Level 7.9 Fire Magic
 + Level 7.5(7.4) Air Magic
 + Level 1.6 Evocations


You had 11 spell levels left.
You knew the following spells:

 Your Spells              Type           Power        Failure   Level  Hunger
a - Shock                 Conj/Air       ####         1%          1    None
b - Blink                 Tloc           N/A          10%         2    None
c - Conjure Flame         Conj/Fire      ######..     1%          3    None
d - Mephitic Cloud        Conj/Pois/Air  #####...     1%          3    None
e - Ignite Poison         Fire/Tmut/Pois ####....     2%          3    None
f - Regeneration          Chrm/Necr      ###.......   24%         3    None
h - Repel Missiles        Chrm/Air       #####.       1%          2    None
i - Iskenderun's Mystic   Conj           ######..     1%          4    None


Dungeon Overview and Level Annotations

Branches:
Dungeon (9/15)             Temple (1/1) D:6            Lair (2/8) D:8
    Orc: D:9-12

Altars:
Ashenzari
Cheibriados
Dithmenos
Elyvilon
Fedhas
Gozag
Hepliaklqana
Kikubaaqudgha
Makhleb
Nemelex Xobeh
Okawaru
Pakellas
Qazlal
Ru
Sif Muna
Trog
Ukayaw
Vehumet
Xom
Yredelemnul
Zin
The Shining One

Shops:
D:7 !


Message History

Vehumet accepts your kill.
The zap hits the wolf.
The wolf is moderately wounded.
A wolf comes into view.
The rime drake breathes ice at you. The flash freeze hits you!
You are encased in ice.
The rime drake barely misses you.
Read which item? (? for menu, Esc to quit)
Okay, then.
The wolf bites you. The ice encasing you melts away.
The wolf closely misses you. The wolf bites you but does no damage.
Casting: Shock
Confirm with . or Enter, or press ? or * to list all spells.
You blink.
The rime drake breathes ice at you. The flash freeze hits you!
Ouch! That really hurt!
You die...

#..## ##..# #.. .###
#.##### }.## ...
#.###.#####..#..P
##...........##..####..
#.#####....#.##.......
### #...............#
###...#..........#
#.#......@........
##............... #
####..P..##P...[## .+
#.......#........# ..
##......##.hk#...##.#..#
#......P..§....†.†....#
#.........###..###....#
#.._.....###...###...h#
#...................D..}


You could see a rime drake and a wolf.

Vanquished Creatures
  2 hydras
  The ghost of jehirs the Grappler, a novice TrMo (D:7)
  Nergalle (Lair:1)
  A komodo dragon (Lair:1)
  A spriggan (D:7)
  10 yaks (D:9)
  A hungry ghost (D:7)
  Sigmund (D:4)
  2 hippogriffs
  Grum (D:8)
  3 porcupines
  3 ice beasts
  3 orc warriors
  2 phantoms (D:8)
  3 wolves (D:8)
  4 centaurs
  2 ogres
  4 big kobolds
  A gnoll sergeant (D:7)
  7 giant frogs
  3 water moccasin zombies (Ossuary)
  2 wyvern skeletons
  4 scorpions
  4 killer bees (D:9)
  6 wights
  A howler monkey (D:6)
  3 crimson imps
  2 quasits (D:9)
  2 giant frog skeletons (D:7)
  2 giant frog zombies
  2 jellies
  7 hounds
  8 orc priests
  6 orc wizards
  An iron imp (D:9)
  Jessica (D:3)
  An iguana (D:8)
  5 worker ants
  A big kobold zombie (Ossuary)
  2 mummies (Ossuary)
  A hound skeleton (D:6)
  A worker ant zombie (D:5)
  Robin (D:2)
  7 adders
  9 gnolls
  5 river rats (Lair:1)
  7 shadow imps
  An ooze (D:3)
  5 adder zombies
  3 adder skeletons
  4 worms
  2 dart slugs
  6 giant geckos
  39 orcs
  5 bats
  7 giant cockroaches
  6 gnoll zombies (Ossuary)
  10 hobgoblins
  10 jackals
  64 kobolds
  9 quokkas
  2 ball pythons
  13 giant newts
  10 goblins
  5 hobgoblin zombies (Ossuary)
  4 kobold zombies (Ossuary)
  3 orc zombies (Ossuary)
  14 rats
  A spectral orc (D:6)
  A plant (Lair:2)
371 creatures vanquished.

Notes
Turn   | Place    | Note
--------------------------------------------------------------
     0 | D:1      | Ordine the Deep Elf Wizard began the quest for the Orb.
     0 | D:1      | Reached XP level 1. HP: 10/10 MP: 7/7
   626 | D:1      | Reached XP level 2. HP: 15/15 MP: 6/9
   630 | D:1      | Learned a level 2 spell: Blink
   880 | D:1      | Reached skill level 5 in Spellcasting
   989 | D:2      | Found an opulent altar of Gozag.
  1289 | D:2      | Reached XP level 3. HP: 12/19 MP: 4/11
  1394 | D:2      | Learned a level 3 spell: Conjure Flame
  1398 | D:2      | Learned a level 3 spell: Mephitic Cloud
  1401 | D:2      | Learned a level 2 spell: Repel Missiles
  1972 | D:2      | Noticed Robin
  2017 | D:2      | Killed Robin
  2017 | D:2      | Reached skill level 6 in Spellcasting
  2017 | D:2      | Reached XP level 4. HP: 15/24 MP: 0/14
  2360 | D:2      | Found a white marble altar of Elyvilon.
  2708 | D:3      | Found a glowing drain.
  2714 | Sewer    | Entered a sewer
  3067 | Sewer    | Reached XP level 5. HP: 28/28 MP: 12/16
  3474 | D:3      | Noticed Jessica
  3476 | D:3      | Reached skill level 7 in Spellcasting
  3482 | D:3      | Killed Jessica
  3905 | D:3      | Reached skill level 1 in Short Blades
  3968 | D:3      | Reached skill level 1 in Fire Magic
  3968 | D:3      | Reached skill level 1 in Air Magic
  3968 | D:3      | Reached XP level 6. HP: 16/32 MP: 0/18
  4705 | D:4      | Noticed Sigmund
  4882 | D:4      | Killed Sigmund
  4882 | D:4      | Reached XP level 7. HP: 36/36 MP: 5/19
  5417 | D:4      | Found an oddly glowing altar of Pakellas.
  5703 | D:5      | Entered Level 5 of the Dungeon
  6634 | D:5      | Reached skill level 5 in Conjurations
  6898 | D:5      | Got a brightly glowing helmet
  6909 | D:5      | Identified the +1 helmet of the Journeyman {rF+++ MR- Int-5 SInv} (You found it on level 5 of the Dungeon)
  7231 | D:5      | Found an ancient bone altar of Kikubaaqudgha.
  7380 | D:6      | Reached XP level 8. HP: 41/41 MP: 18/20
  7592 | D:6      | Reached skill level 5 in Short Blades
  8013 | D:6      | Found a sand-covered staircase.
  8018 | Ossuary  | Entered an ossuary
  8083 | Ossuary  | Reached skill level 8 in Spellcasting
  8690 | Ossuary  | Identified a scroll of acquirement
  8691 | Ossuary  | Identified Sif Muna's Easy Theurgy (You acquired it in an ossuary)
  8717 | D:6      | Learned a level 3 spell: Regeneration
  8936 | D:6      | Found a stormy altar of Qazlal.
  8937 | D:6      | Found a staircase to the Ecumenical Temple.
  8946 | Temple   | Entered the Ecumenical Temple
  9107 | Temple   | Became a worshipper of Vehumet
  9237 | D:6      | Reached XP level 9. HP: 45/45 MP: 12/23
  9693 | D:6      | Reached skill level 5 in Fire Magic
 10066 | D:6      | Found a basalt altar of Yredelemnul.
 10238 | D:6      | Found a sacrificial altar of Ru.
 10339 | D:6      | Reached skill level 5 in Air Magic
 10548 | D:6      | Reached * piety under Vehumet
 10548 | D:6      | Offered knowledge of Shock by Vehumet.
 10551 | D:6      | Learned a level 1 spell: Shock
 10701 | D:7      | Noticed jehirs's ghost (novice TrMo)
 10717 | D:7      | Killed jehirs's ghost
 10717 | D:7      | Reached skill level 9 in Spellcasting
 10732 | D:7      | Reached skill level 5 in Dodging
 10881 | D:7      | Found Bom Hyhif's Distillery.
 10962 | D:7      | Found a glowing silver altar of Zin.
 10962 | D:7      | Noticed an angel
 10999 | D:7      | Reached skill level 1 in Shields
 11751 | D:7      | Reached XP level 10. HP: 40/50 MP: 20/25
 11850 | D:8      | Found a blossoming altar of Fedhas.
 12107 | D:8      | Found a staircase to the Lair.
 12157 | D:8      | Offered knowledge of Flame Tongue by Vehumet.
 12229 | D:8      | Reached ** piety under Vehumet
 12383 | D:8      | Reached skill level 10 in Spellcasting
 12384 | D:8      | Noticed Grum
 12409 | D:8      | Killed Grum
 13447 | D:9      | Offered knowledge of Ignite Poison by Vehumet.
 13452 | D:9      | Learned a level 3 spell: Ignite Poison
 13488 | D:9      | Found a hazy altar of Hepliaklqana.
 13509 | D:9      | Upgraded the game from 0.19-a0-252-g247cc30 to 0.19-a0-276-g3ff07cd
 13563 | D:9      | Reached *** piety under Vehumet
 13778 | D:9      | Found a snail-covered altar of Cheibriados.
 14092 | D:9      | Offered knowledge of Iskenderun's Mystic Blast by Vehumet.
 14098 | D:9      | Learned a level 4 spell: Iskenderun's Mystic Blast
 14456 | D:9      | Found a hide-covered altar to Ukayaw.
 14462 | D:9      | Found a shadowy altar of Dithmenos.
 14530 | D:9      | Reached XP level 11. HP: 27/54 MP: 1/27
 14750 | Lair:1   | Entered Level 1 of the Lair of Beasts
 14760 | Lair:1   | Found a shimmering altar of Xom.
 14820 | Lair:1   | Noticed a four-headed hydra
 15509 | Lair:1   | HP: 1/54 [four-headed hydra (12)]
 15510 | Lair:1   | Killed a four-headed hydra
 15510 | Lair:1   | Reached skill level 5 in Shields
 15510 | Lair:1   | Reached skill level 11 in Spellcasting
 15641 | Lair:2   | Noticed Nergalle
 15781 | Lair:1   | Killed Nergalle
 15839 | Lair:2   | Found a sacrificial altar of Ru.
 15912 | Lair:2   | Noticed a six-headed hydra
 15925 | Lair:2   | Killed a six-headed hydra
 15925 | Lair:2   | Reached skill level 1 in Evocations
 15932 | Lair:2   | Killed from afar by a rime drake

Vault maps used:
D:1:      saegor_arrival_under_anarchy, minmay_cupped
D:2:      old_standard_altar, grunt_gozag_breadcrumbs, minmay_misc_feat_columns,
          uniq_robin
D:3:      minmay_goblin_kobold_castle, gup_sewer_entry_bubbles, uniq_jessica
D:4:      serial_bayou_pond_c, johnstein_pakellas_death_squad, uniq_sigmund
D:5:      nicolae_overflow_crystal_walls, first_bread
D:6:      lemuel_doored_altar, yredelemnul_forgotten_temple_becter,
          temple_fountains, nicolae_ossuary_entry_plus,
          nicolae_ru_the_path_less_chosen
D:7:      zin_angel, serial_shops, nicolae_shop_stone, the_bakery
D:8:      lair_0_dummy, fedhas_altar_3, uniq_grum
D:9:      lemuel_round_altar, slow_altar_1, amethyst_overflow_temple_binary
Temple:   dpeg_five_rooms_temple_12
Lair:1:   basic_altar, serial_bayou_lagoon_a, grunt_forest_stairs_basic,
          lemuel_fruit_tree, serial_bayou_shore_b, serial_bayou_shore_b
Lair:2:   basic_altar, lemuel_old_faithful, grunt_megastairs_4, uniq_nergalle
Sewer:    sewer_co_cracked_pipes
Ossuary:  ossuary_tomb_2

Skill      XL: |  1  2  3  4  5  6  7  8  9 10 11 |
---------------+----------------------------------+-----
Spellcasting   | 5 6 7 8 9 10 11 | 11.2
Conjurations   | 2 3 4 5 6 7 8 |  8.8
Short Blades   | 1 2 4 5 |  5.0
Fire Magic     | 1 2 3 4 6 7 |  7.9
Air Magic      | 1 3 4 5 7 |  7.5
Dodging        | 3 5 |  5.1
Shields        | 1 4 5 |  5.1
Evocations     | 1 |  1.6
Stealth        | |  2.4
Summonings     | |  1.1
Translocations | |  1.1

Action                   |  1- 3 |  4- 6 |  7- 9 | 10-12 || total
-------------------------+-------+-------+-------+-------++-------
Melee: Dagger            |    21 |     6 |    52 |       ||    79
       Short sword       |       |       |       |     5 ||     5
 Cast: Magic Dart        |    91 |   223 |   479 |       ||   793
       Mephitic Cloud    |     1 |     5 |     4 |    18 ||    28
       Repel Missiles    |     1 |       |     5 |     1 ||     7
       Blink             |       |     2 |     8 |    15 ||    25
       Conjure Flame     |       |       |    15 |     1 ||    16
       Shock             |       |       |    96 |   373 ||   469
       Ignite Poison     |       |       |       |    16 ||    16
       Iskenderun's Myst |       |       |       |     6 ||     6
  Use: Scroll            |     6 |     4 |     9 |     3 ||    22
       Potion            |       |     1 |       |     3 ||     4
  Eat: Chunk             |     3 |     9 |    13 |    11 ||    36
       Beef jerky        |       |       |     2 |     1 ||     3
       Bread ration      |       |       |     1 |       ||     1
       Fruit             |       |       |       |     2 ||     2
Armor: Robe              |     1 |    21 |    40 |       ||    62
       Skin              |    14 |       |       |       ||    14
       Troll hide        |       |       |    16 |    64 ||    80
Dodge: Dodged            |    23 |    71 |   121 |   159 ||   374
       Deflected         |       |     2 |     8 |    16 ||    26
